Map: Inside and Out

Players

DrJPEG

  • Race: Protoss Protoss

PurpleNurple - Winner!

  • Race: Zerg Zerg

VOD

Have the link to the VOD?

Description

Time

  • Played on: Dec. 8, 2022, 12:47 a.m.
  • Length: 8:10
Show
View Real Time Build Order
Export as new Build Order

DrJPEG Protoss 

Build Orders: 1 Gate Expand, Zealot Archon, Dark Templar Rush 

Get SALT Encoding   

  12  0:00  Probe  
  13  0:12  Probe  
  14  0:19  Pylon  
  14  0:24  Probe  
  15  0:35  Probe  
  15  0:40  Gateway  
  16  0:43  Probe  
  16  0:44  Assimilator  
  17  0:51  Probe  
  18  1:04  Probe  
  19  1:16  Probe  
  20  1:23  Nexus  
  20  1:37  Cybernetics Core  
  20  1:40  Assimilator, Probe  
  21  1:49  Probe  
  21  1:51  Pylon  
  22  1:57  Probe  
  23  2:05  Warp Gate  
  23  2:09  Probe  
  23  2:14  Adept  
  26  2:21  Probe  
  27  2:31  Robotics Facility  
  27  2:32  Probe  
  27  2:33  Pylon  
  27  2:34  Probe  
  29  2:40  Probe  
  29  2:46  Probe  
  29  2:47  Stalker  
  33  2:55  Twilight Council  
  33  2:57  Probe  
  34  2:58  Probe  
  35  3:09  Probe  
  35  3:11  Probe  
  37  3:14  Pylon  
  37  3:21  Probe  
  37  3:23  Probe  
  37  3:24  Warp Prism  
  41  3:32  Assimilator  
  41  3:33  Probe  
  42  3:35  Probe  
  42  3:37  Dark Shrine  
  43  3:45  Probe  
  43  3:47  Probe  
  40  3:57  Stalker  
  35  4:08  Observer  
  34  4:16  Probe x2  
  34  4:23  Gateway  
  31  4:25  Gateway  
  31  4:27  Gateway  
  31  4:28  Probe  
  26  4:50  Dark Templar  
  24  5:08  Probe x2  
  26  5:16  Pylon, Probe x2  
  26  5:19  Dark Templar  
  30  5:22  Dark Templar  
  30  5:26  Probe  
  30  5:28  Probe  
  34  5:36  Probe  
  34  5:38  Probe  
  34  5:40  Stalker  
  36  5:52  Dark Templar x2  
  40  6:04  Immortal  
  40  6:10  Archon, Probe x2  
  36  6:18  Probe x2  
  39  6:26  Probe x2  
  41  6:35  Stalker x2  
  41  6:38  Probe  
  46  6:41  Probe  
  46  6:46  Probe  
  47  6:49  Probe  
  49  6:54  Probe  
  49  6:55  Stalker x2  
  49  6:59  Probe  
  55  7:10  Probe  
  60  7:15  Probe  
  61  7:24  Probe  
  60  7:33  Stalker x2  
  64  7:40  Shield Battery  
  64  7:43  Shield Battery  
  56  7:54  Stalker x2  
Show
View Real Time Build Order
Export as new Build Order

PurpleNurple Zerg - Winner!

Build Orders: Hatch First 

Get SALT Encoding   

  12  0:00  Drone  
  13  0:12  Overlord  
  13  0:17  Drone  
  14  0:30  Drone x2  
  16  0:49  Hatchery  
  15  0:52  Drone  
  15  0:55  Drone  
  17  1:03  Extractor  
  16  1:11  Spawning Pool  
  15  1:14  Drone  
  15  1:17  Drone  
  17  1:20  Drone  
  18  1:29  Drone  
  20  1:40  Drone  
  20  1:50  Drone  
  21  1:58  Roach Warren, Queen  
  22  2:02  Queen  
  22  2:05  Drone  
  22  2:08  Drone  
  26  2:25  Drone x2  
  26  2:26  Overlord  
  26  2:27  Overlord  
  28  2:34  Burrow  
  28  2:44  Roach x2  
  28  2:47  Roach x2  
  36  2:55  Roach  
  36  2:56  Overlord  
  38  3:02  Queen  
  40  3:13  Drone  
  40  3:14  Drone x3  
  40  3:15  Drone  
  40  3:17  Drone  
  40  3:19  Drone  
  47  3:22  Drone  
  47  3:26  Drone  
  49  3:28  Metabolic Boost  
  49  3:36  Drone x2  
  51  3:50  Drone  
  51  3:53  Roach x5  
  52  3:55  Overlord  
  52  4:08  Overlord  
  52  4:10  Extractor  
  52  4:12  Extractor x2  
  47  4:19  Drone x6  
  47  4:20  Drone  
  54  4:30  Roach  
  55  4:38  Drone x4  
  55  4:44  Overlord  
  58  4:50  Roach  
  58  4:52  Hatchery, Overlord  
  57  4:53  Drone x5  
  57  4:55  Hatchery  
  57  4:56  Lair  
  61  5:03  Spore Crawler, Spine Crawler  
  61  5:04  Spore Crawler  
  61  5:05  Queen  
  57  5:07  Drone x2  
  56  5:18  Spine Crawler  
  56  5:19  Drone x4, Spine Crawler  
  56  5:24  Spine Crawler  
  55  5:35  Queen x2  
  55  5:37  Roach x3  
  55  5:38  Roach  
  63  5:49  Roach  
  63  5:52  Roach  
  63  5:54  Overseer  
  63  5:57  Glial Reconstitution  
  63  6:00  Hydralisk Den  
  62  6:24  Queen  
  64  6:31  Hydralisk  
  64  6:32  Hydralisk x12, Muscular Augments  
  90  6:41  Overlord x2  
  90  6:45  Drone x3  
  93  6:51  Drone  
  94  7:06  Roach x8  
  110  7:08  Overseer  
  110  7:15  Drone x2  
  112  7:22  Spore Crawler  
  111  7:23  Spore Crawler  
  111  7:24  Spine Crawler  
  109  7:32  Overlord x4  
  109  7:33  Roach  
  109  7:40  Hydralisk x4  
Tags
 
Add a new tag
Caveats
  • Supply blocks, unpowered buildings, or Contaminate may cause inaccurate times.
  • Supply counts are checked every 10 seconds.